 Dungeon Crawl Stone Soup version 0.32-a0-643-ga006e7742e (webtiles) character file.

Game seed: 6117567487619386663

32 dolemite99 the Poker (level 3, -2/27 HPs)
             Began as a Demonspawn Gladiator on Mar 7, 2024.
             Slain by an iguana (11 damage)
             ... on level 4 of the Dungeon.
             The game lasted 00:02:20 (1477 turns).

dolemite99 the Poker (Demonspawn Gladiator)         Turns: 1477, Time: 00:02:20

Health: -2/27      AC: 10    Str: 16    XL:     3   Next: 10%
Magic:  3/3        EV:  8    Int:  8    God:
Gold:   58         SH:  0    Dex: 14    Spells: 2/2 levels left

rFire   . . .        a - +0 trident
rCold   . . .        (no shield)
rNeg    . . .        h - +0 chain mail
rPois   .            c - +0 helmet
rElec   .            (no cloak)
rCorr   .            (no gloves)
SInv    .            (no boots)
Will    .....        k - amulet of faith Stlth
                     (no ring)
HPRegen 0.24/turn    (no ring)
MPRegen 0.08/turn

%: faith
@: brilliant, attractive
A: rugged brown scales 1, ignite blood 1
a: no special abilities


You were on level 4 of the Dungeon.
You visited 1 branch of the dungeon, and saw 4 of its levels.

You collected 58 gold pieces.

Inventory:

Hand Weapons
 a - a +0 trident (weapon)
 n - a +1 heavy mace
Missiles
 d - 3 throwing nets (quivered)
 e - a javelin
Armour
 b - a +0 leather armour
 c - a +0 helmet (worn)
 h - a +0 chain mail (worn)
Jewellery
 g - an amulet of guardian spirit
 k - an amulet of faith (around neck)
 m - a +6 ring of dexterity
Scrolls
 j - a scroll of revelation
 o - a scroll of teleportation
Potions
 f - a potion of cancellation {unknown}


   Skills:
 - Level 2.0 Fighting
 + Level 3.9 Polearms
 - Level 1.7 Throwing
 - Level 2.6 Dodging


You had 2 spell levels left.
You didn't know any spells.
Your spell library contained the following spells:

 Spells                   Type           Power      Damage    Failure   Level
 Inner Flame              Hex/Fire       0%         N/A       100%        3
 Summon Ice Beast         Ice/Summ       0%         N/A       100%        3
 Flame Wave               Conj/Fire      0%         2d4       100%        4
 Sticky Flame             Fire/Alch      0%         2d4       100%        4
 Summon Mana Viper        Hex/Summ       0%         N/A       100%        5
 Monstrous Menagerie      Summ           0%         N/A       100%        7


Dungeon Overview and Level Annotations

Branches:
Dungeon (4/15)
 Temple: D:4-7

Altars:
Kikubaaqudgha

Annotations:
D:1 exclusion: downstairs
D:2 Sigmund


Innate Abilities, Weirdness & Mutations

You are partially covered in rugged brown scales. (AC +1, +3% HP)
Your demonic aura sometimes causes spilled blood to erupt in flames.


Message History

You miss the goblin.
The goblin is severely wounded.
The goblin zaps a wand.
The bolt of acid hits you.
The dart slug bites you but does no damage.
You miss the goblin.
The goblin is severely wounded.
The goblin hits you but does no damage.
You hit the goblin.
The goblin is almost dead.
The dart slug bites you but does no damage.
The goblin hits you but does no damage.
You puncture the goblin!
You kill the goblin!
The dart slug closely misses you.
You hit the dart slug.
The dart slug is moderately wounded.
The dart slug bites you but does no damage.
You hit the dart slug but do no damage.
The dart slug is moderately wounded.
You hit the dart slug.
The dart slug is heavily wounded.
The dart slug launches a dart at you. The slug dart hits you.
The iguana hisses angrily.
You hit the dart slug but do no damage.
The dart slug is heavily wounded.
The dart slug closely misses you. The iguana bites you.
You hit the dart slug.
The dart slug is severely wounded.
The dart slug bites you but does no damage.
The iguana closely misses you.
It was a potion of brilliance.
You feel clever all of a sudden. The iguana bites you.
* * * LOW HITPOINT WARNING * * *
The dart slug bites you but does no damage.
It was a potion of attraction.
You feel attractive to monsters. The iguana bites you!
You die... ### .... .>.. ..... ## ≈.P♣♣♣P l# .... # gw.

♣♣.♣♣ .##
#..♣♣...♣♣.P.
♣.♣P@...♣.♣
♣P.lw_....♣
#♣.♣.....♣.♣
###P.♣♣P..♣♣...
#.....♣♣.♣♣.P....
#.##..~~P..P...≈~..#
#...)(≈~.P♣♣♣P.~~...
####.#'###...###.#
#............


You could see an iguana and a dart slug.

Vanquished Creatures
  3 dart slugs
  An orc (D:4)
  3 ball pythons
  4 endoplasms
  2 giant cockroaches
  A goblin (D:4)
  4 hobgoblins
  2 bats
  A frilled lizard (D:1)
  2 kobolds (D:1)
  A rat (D:1)
24 creatures vanquished.

Notes
Turn   | Place    | Note
-------+----------+-------------------------------------------
     0 | D:1      | dolemite99 the Demonspawn Gladiator began the quest for the
                  | Orb.
     0 | D:1      | Reached XP level 1. HP: 16/16 MP: 1/1
    44 | D:1      | Reached skill level 3 in Polearms
   129 | D:1      | Gained mutation: You are partially covered in rugged brown
                  | scales. (AC +1, +3% HP) [demonic ancestry]
   129 | D:1      | Reached XP level 2. HP: 16/22 MP: 2/2
   754 | D:2      | Noticed Sigmund
  1285 | D:3      | Noticed a bombardier beetle
  1347 | D:4      | Gained mutation: Your demonic aura sometimes causes spilled
                  | blood to erupt in flames. [demonic ancestry]
  1347 | D:4      | Reached XP level 3. HP: 19/27 MP: 3/3
  1390 | D:4      | Found an ancient bone altar of Kikubaaqudgha.
  1477 | D:4      | Slain by an iguana

Illustrated notes

Levels and vault maps discovered:
D:1:      heliophobic_arrival_glass_houses, layout_basic,
          minmay_misc_feat_nine_boxes
D:2:      layout_loops_ring, minivault_14, amcnicky_mini_rare_corridor_liquid,
          uniq_crazy_yiuf_cottage, uniq_sigmund
D:3:      layout_loops_ring, serial_co_window_serial, co_window_paths_a,
          co_window_of_opportunity_a, co_window_corner_a, co_window_paths_a,
          co_window_paths_b, co_window_broadway_c, co_window_cross_4,
          co_window_broadway_c, co_window_corner_ca, co_window_4corner_b,
          co_window_paths_e, glass_columns_c, glass_columns_b
D:4:      layout_basic, nicolae_elyvilon_peaceful_grove,
          mainiacjoe_overflow_six_doors_small,
          minmay_temple_entry_enclosed_plants, portal_sewer_entry_b, uniq_ijyb

Skill      XL: |  1 |
---------------+----+-----
Polearms       | 3 |  3.9
Fighting       | |  2.0
Throwing       | |  1.7
Dodging        | |  2.6

Action                     || total
---------------------------++-------
  Melee: Trident           ||    86
    Use: Scroll            ||     2
         Potion            ||     2
 Armour: Chain mail        ||    70
         Leather armour    ||     4
  Dodge: Dodged            ||    35

Table legend: (Time is in decaauts)
 A = Elapsed time spent in this place.
 B = Non-inter-level travel time spent in this place.
 C = Inter-level travel time spent in this place.
 D = Time resting spent in this place.
 E = Time spent auto-exploring this place.
 F = Levels seen in this place.
 G = Mean time per level.
                   A        B        C        D        E       F      G
               +--------+--------+--------+--------+--------+-----+--------+
         Total |   1487 |   1380 |    107 |    294 |    654 |   4 |  371.8 |
       Dungeon |   1487 |   1380 |    107 |    294 |    654 |   4 |  371.8 |
               +--------+--------+--------+--------+--------+-----+--------+

Top non-repeatable levels by time:
     D:1: 806 daAuts
     D:2: 414 daAuts
     D:4: 144 daAuts
     D:3: 121 daAuts
